Map: Kairos Junction LE

Players

NOTAKON - Winner!

  • Race: Terran Terran
  • League: Master
  • Spawn Location: 11:00

겨드랑이로겜한다

  • Race: Protoss Protoss
  • League: Master
  • Spawn Location: 5:00

VOD

Have the link to the VOD?

Description

Time

  • Played on: Feb. 6, 2019, 8:50 a.m.
  • Length: 10:11
Show
View Real Time Build Order
Export as new Build Order

NOTAKON Terran - Winner!

Build Orders: Reaper Expand 

Get SALT Encoding   

  12  0:00  SCV  
  13  0:12  SCV  
  14  0:17  Supply Depot  
  14  0:25  SCV  
  15  0:38  SCV  
  15  0:39  Barracks  
  16  0:44  Refinery  
  16  0:50  SCV  
  17  1:03  SCV  
  18  1:15  SCV  
  19  1:26  Reaper  
  19  1:27  Orbital Command  
  20  1:42  Command Center  
  20  1:54  Supply Depot  
  20  1:55  SCV  
  20  1:58  Barracks Reactor  
  21  2:07  SCV  
  22  2:11  Barracks  
  22  2:19  SCV  
  23  2:24  Barracks  
  23  2:31  SCV  
  23  2:34  Engineering Bay  
  24  2:38  Marine x2  
  26  2:44  SCV  
  27  2:59  Orbital Command  
  27  3:03  Marine x2  
  27  3:04  Barracks Tech Lab  
  29  3:11  SCV  
  29  3:17  Barracks Tech Lab  
  29  3:18  Terran Infantry Weapons Level 1  
  28  3:21  Marine  
  28  3:23  SCV  
  28  3:26  SCV  
  31  3:29  Bunker  
  31  3:30  Marine  
  31  3:31  Marine  
  33  3:37  Stimpack, Marine  
  33  3:40  SCV  
  35  3:45  Marine  
  35  3:46  SCV  
  35  3:48  Marine  
  37  3:52  SCV  
  37  3:54  Marine  
  40  3:56  Supply Depot  
  40  3:57  Combat Shield  
  40  4:02  Marauder  
  42  4:03  SCV  
  42  4:04  SCV  
  44  4:14  Marauder  
  46  4:18  Marine x2, SCV  
  46  4:21  Supply Depot  
  46  4:24  Marauder  
  51  4:27  SCV  
  51  4:30  SCV  
  53  4:35  Marine  
  54  4:41  SCV  
  54  4:43  SCV  
  55  4:47  Marine  
  55  4:48  Marauder  
  58  4:53  SCV  
  58  4:57  Marine  
  59  5:07  Marauder  
  59  5:08  SCV x2, Marine  
  59  5:11  Refinery  
  59  5:12  Barracks  
  62  5:15  Refinery  
  62  5:22  Marine, SCV  
  62  5:25  Concussive Shells  
  62  5:27  SCV  
  65  5:29  Marauder  
  65  5:30  Marauder, Refinery  
  65  5:34  SCV, Barracks  
  70  5:43  Marine  
  70  5:47  SCV x2  
  70  5:49  Terran Infantry Armor Level 1  
  70  5:55  Marine  
  70  6:04  Marine, SCV  
  70  6:07  Marauder  
  70  6:12  SCV, Factory  
  63  6:20  SCV, Marauder  
  63  6:22  Barracks Reactor, Barracks Tech Lab  
  63  6:24  Supply Depot  
  62  6:26  Supply Depot  
  62  6:29  SCV, Supply Depot x2, Marauder  
  65  6:34  Barracks Reactor  
  65  6:35  SCV  
  65  6:41  Marauder  
  65  6:42  Marauder  
  70  6:54  Marauder  
  71  6:56  Starport, Factory Reactor  
  71  7:03  Marauder  
  73  7:09  Marine x2, Marauder  
  73  7:11  Marine x2  
  73  7:12  SCV  
  73  7:15  Marine  
  79  7:23  Marine  
  79  7:26  Marine x2  
  79  7:29  Marine x2  
  83  7:30  Marauder  
  83  7:33  Marauder  
  83  7:35  Command Center  
  87  7:40  Factory Reactor  
  87  7:42  Marauder, Ghost Academy  
  87  7:43  Medivac x2  
  93  7:44  Marine x2  
  93  7:46  Bunker  
  93  7:47  Supply Depot  
  93  7:49  Supply Depot  
  93  7:50  Marine x2  
  97  7:52  Marauder, Armory  
  97  7:54  Marine  
  100  8:02  Marine x2  
  102  8:07  Supply Depot  
  102  8:09  SCV x2  
  102  8:10  Supply Depot  
  104  8:13  Medivac x2  
  104  8:17  Marine x2  
  104  8:18  Ghost x2  
  114  8:36  Marine  
  114  8:37  Marine, Marauder  
  118  8:56  Orbital Command  
  118  9:04  Viking x2  
  118  9:05  Marine x3, Marauder x2  
  118  9:06  Marauder  
  118  9:07  Widow Mine x2  
  118  9:09  Marine  
  136  9:14  Orbital Command  
  136  9:23  Marine  
  137  9:28  Widow Mine x2  
  141  9:32  Marine x2, Marauder  
  137  9:47  Marine  
  137  9:48  Marauder  
  137  9:50  Marine, Marauder  
  137  9:52  Marine  
Show
View Real Time Build Order
Export as new Build Order

겨드랑이로겜한다 Protoss 

Build Orders: 1 Gate Expand, Chargelot Immortal 

Get SALT Encoding   

  12  0:00  Probe  
  13  0:13  Probe  
  14  0:17  Pylon  
  14  0:23  Probe  
  15  0:32  Probe  
  15  0:37  Gateway  
  15  0:40  Probe  
  16  0:46  Assimilator  
  17  0:51  Probe  
  18  1:03  Probe  
  19  1:15  Probe  
  20  1:24  Nexus  
  20  1:34  Cybernetics Core  
  20  1:36  Probe  
  21  1:41  Assimilator  
  21  1:48  Probe  
  21  1:53  Pylon  
  22  2:00  Probe  
  23  2:02  Adept  
  23  2:11  Warp Gate  
  23  2:13  Probe  
  26  2:22  Stalker  
  26  2:24  Robotics Facility  
  26  2:26  Probe  
  27  2:33  Probe  
  29  2:38  Probe  
  29  2:41  Probe  
  30  2:50  Probe  
  32  2:51  Stalker  
  32  2:54  Probe  
  35  3:02  Probe  
  35  3:10  Probe  
  35  3:12  Warp Prism  
  36  3:14  Probe  
  37  3:22  Probe  
  37  3:26  Probe  
  41  3:33  Gateway  
  41  3:34  Gateway  
  41  3:36  Probe  
  42  3:41  Probe  
  42  3:44  Pylon  
  43  3:49  Probe  
  43  3:50  Observer  
  43  3:53  Twilight Council  
  43  3:54  Probe  
  46  4:02  Probe, Pylon  
  47  4:03  Assimilator  
  47  4:09  Stalker  
  49  4:15  Blink  
  49  4:17  Probe  
  49  4:26  Probe  
  49  4:29  Probe  
  49  4:30  Stalker x2  
  55  4:38  Probe  
  54  4:45  Probe  
  54  4:49  Stalker  
  54  4:50  Probe  
  58  4:54  Stalker x2  
  56  5:03  Probe x2  
  56  5:05  Stalker x2  
  60  5:14  Nexus  
  60  5:16  Pylon  
  60  5:19  Sentry, Pylon  
  62  5:23  Pylon  
  60  5:32  Shield Battery  
  60  5:34  Immortal  
  64  5:36  Shield Battery  
  64  5:37  Pylon  
  64  5:48  Stalker x2  
  68  5:53  Probe x2  
  54  6:14  Probe x2  
  53  6:22  Probe x2  
  52  6:29  Stalker x3  
  60  6:33  Immortal, Charge  
  60  6:37  Probe  
  60  6:39  Probe  
  65  6:42  Probe  
  67  6:49  Probe  
  67  6:54  Sentry x3  
  74  6:56  Probe x2  
  74  7:01  Probe  
  77  7:08  Gateway x2  
  77  7:12  Observer  
  77  7:18  Probe  
  78  7:28  Gateway  
  77  7:32  Gateway x2  
  77  7:33  Immortal  
  77  7:34  Probe x3  
  80  7:37  Pylon  
  80  7:46  Pylon  
  80  7:47  Probe  
  80  7:48  Probe x2  
  87  7:55  Zealot  
  87  7:56  Zealot x2  
  93  7:58  Observer  
  93  8:05  Zealot  
  93  8:06  Zealot  
  97  8:13  Probe x3  
  99  8:21  Immortal  
  99  8:25  Forge x2  
  99  8:26  Probe x3  
  106  8:29  Pylon  
  106  8:37  Zealot x3  
  108  8:58  Zealot x7  
  108  9:00  Immortal  
  118  9:06  Stalker  
  120  9:16  Assimilator x2  
  124  9:17  Assimilator  
  124  9:25  Stalker x2  
  124  9:26  Stalker x2  
  132  9:45  Pylon x2  
  126  9:47  Pylon  
  126  9:48  Pylon  
  126  9:51  Zealot x2  
  126  9:52  Zealot x4  
  110  10:02  Zealot x2  
Tags
 
Add a new tag
Caveats
  • Supply blocks, unpowered buildings, or Contaminate may cause inaccurate times.
  • Supply counts are checked every 10 seconds.